 Dungeon Crawl Stone Soup version 0.31-a0-1002-g8e65716e6e (webtiles) character file.

Game seed: 7282255915936433593

326 BinkBink the Ruffian (level 6, -1/59 HPs)
             Began as a Troll Shapeshifter on Nov 10, 2023.
             Slain by a black bear (4 damage)
             ... on level 3 of the Dungeon.
             The game lasted 00:01:45 (2168 turns).

BinkBink the Ruffian (Troll Shapeshifter)           Turns: 2168, Time: 00:01:46

Health: -1/59      AC:  4    Str: 25    XL:     6   Next: 24%
Magic:  5/5        EV: 10    Int:  6    God:
Gold:   223        SH:  0    Dex:  9    Spells: 5/5 levels left

rFire   . .          .
                       - Unarmed
rCold   . . .        (no shield)
rNeg    . . .        a - +0 animal skin
rPois   .            (helmet currently unavailable)
rElec   .            (cloak currently unavailable)
rCorr   .            (gloves unavailable)
SInv    .            (boots unavailable)
Will    .....        (no amulet)
Stlth   +            (no ring)
HPRegen 1.09/turn    (no ring)
MPRegen 0.09/turn

%: no passive effects
@: beast-form
A: beast (slay +2), large, unfitting armour, claws 3, regeneration 1, shaggy fur
1, tough skin 1
a: Begin Untransformation


You were on level 3 of the Dungeon.
You were a hulking beast.
You visited 1 branch of the dungeon, and saw 3 of its levels.

You collected 223 gold pieces.

Inventory:

Missiles
 j - a throwing net
Armour
 a - a +0 animal skin (worn)
Jewellery
 h - an amulet of guardian spirit
Talismans
 c - a beast talisman
 d - a flux talisman
Wands
 o - a wand of flame (20)
Scrolls
 e - 3 scrolls of identify {unknown}
 f - a scroll of amnesia {unknown}
 g - a scroll of noise {unknown}
 m - a scroll of enchant weapon {unknown}
 n - a scroll of blinking {unknown}
Potions
 b - 2 potions of lignification
 i - a potion of brilliance {unknown}
 k - a potion of curing {unknown}
 l - a potion of mutation {unknown}


   Skills:
 + Level 2.6 Fighting
 + Level 3.0 Dodging
 + Level 4.3 Unarmed Combat
 + Level 4.1 Shapeshifting


You had 5 spell levels left.
You didn't know any spells.
Your spell library was empty.

Dungeon Overview and Level Annotations

Branches:
Dungeon (3/15)

Altars:
Fedhas
Gozag

Annotations:
D:3 1 runed translucent door, Crazy Yiuf; junkdod's ghost, amateur MiBe


Innate Abilities, Weirdness & Mutations

You are a hulking beast.
Your limbs bulge with bestial killing power. (Slay +2)
You are too large for most types of armour.
You have claws for hands.
Your natural rate of healing is unusually fast.
You are covered in fur. (AC +1)
You have tough skin. (AC +1)


Message History

The black bear claws you but does no damage.
The black bear closely misses you.
You scratch the black bear.
You claw the black bear, but do no damage.
The black bear is lightly wounded.
The black bear bites you. The black bear claws you. The black bear misses you.
You closely miss the black bear.
The black bear is lightly wounded.
The orc barely misses you. The black bear barely misses you.
The black bear completely misses you. The black bear claws you.
You barely miss the black bear.
The black bear is lightly wounded.
The orc hits you from afar with a +0 trident.
The black bear bites you! The black bear claws you.
The black bear claws you but does no damage.
You scratch the black bear.
The black bear is moderately wounded.
The orc hits you from afar with a +0 trident.
The black bear bites you. The black bear claws you.
The black bear closely misses you.
You are too injured to fight recklessly!
The black bear attacks as it pursues you!
The black bear bites you.
* * * LOW HITPOINT WARNING * * *
The black bear misses you. x2
You claw the black bear!
The black bear is severely wounded.
The black bear goes berserk!
You scratch the black bear but do no damage.
The black bear is severely wounded.
The black bear closely misses you.
The black bear claws you but does no damage.
The black bear claws you.
* * * LOW HITPOINT WARNING * * *
You claw the black bear!
The black bear is almost dead.
The black bear bites you!
* * * LOW HITPOINT WARNING * * *
The black bear closely misses you. The black bear claws you.
You die...

##.##.########.#.###.............
...####.8∩8.##.#.###.###.#...#.##
#..# #...$.$∩#.......# #.#...#.##
#..# #8..8..8####.#### #.#>..#.#
...# #..._...# #.# #.#...#.#
#.#####....J### #.# ##.......#
#...####'''##.# #.#####...#.#####
###...........###.#.##.<#...###.#
####.......WShh..#.#..#.#)##...
###..###o###.##....#........
#......# ##.#.#######.....
######## #.......#........
#)####.[#...##... #.#
##.#.#.##..# #)# #........## #.#
#####.#### #)# ###.###


You could see a black bear (berserk), junkdod's ghost, an orc and a ball python.

Vanquished Creatures
  Sigmund (D:3)
  Terence (D:3)
  Robin (D:3)
  A gnoll (D:1)
  4 adders
  2 worms
  2 dart slugs
  4 orcs (D:3)
  6 ball pythons
  4 endoplasms
  4 giant cockroaches
  8 goblins
  8 hobgoblins
  A jackal (D:1)
  3 quokkas
  5 bats
  2 frilled lizards (D:1)
  5 kobolds
  5 rats
67 creatures vanquished.

Notes
Turn   | Place    | Note
-------+----------+-------------------------------------------
     0 | D:1      | BinkBink the Troll Shapeshifter began the quest for the
                  | Orb.
     0 | D:1      | Reached XP level 1. HP: 18/18 MP: 0/0
    57 | D:1      | Reached skill level 1 in Fighting
    62 | D:1      | Reached XP level 2. HP: 22/27 MP: 1/1
    63 | D:1      | Found a blossoming altar of Fedhas.
   431 | D:1      | Reached XP level 3. HP: 33/33 MP: 2/2
  1295 | D:2      | Reached XP level 4. HP: 39/41 MP: 3/3
  1502 | D:3      | Found a runed translucent door.
  1503 | D:3      | Noticed Crazy Yiuf
  1578 | D:3      | Noticed Sigmund
  1589 | D:3      | Killed Sigmund
  1590 | D:3      | Reached XP level 5. HP: 36/50 MP: 4/4
  1765 | D:3      | Noticed Terence
  1774 | D:3      | Killed Terence
  1775 | D:3      | Reached XP level 6. HP: 44/59 MP: 5/5
  1803 | D:3      | Noticed Robin
  1811 | D:3      | Killed Robin
  1829 | D:3      | Found a runed translucent gate.
  1909 | D:3      | Found a runed translucent gate.
  1909 | D:3      | Found a runed translucent gate.
  1910 | D:3      | Found an opulent altar of Gozag.
  1911 | D:3      | Noticed junkdod's ghost (amateur MiBe)
  2168 | D:3      | Slain by a black bear

Illustrated notes

Levels and vault maps discovered:
D:1:      giann_horns, layout_basic, minmay_hexomino_r4
D:2:      layout_loops_ring
D:3:      layout_loops_cross, ebering_ghost_gozag, uniq_sigmund, uniq_terence,
          uniq_robin, uniq_crazy_yiuf_cottage

Skill      XL: |  1  2  3  4  5  6 |
---------------+-------------------+-----
Fighting       | 1 2 |  2.6
Dodging        | 2 3 |  3.0
Unarmed Combat | 4 |  4.3
Shapeshifting  | 4 |  4.1

Action                     |  1- 3 |  4- 6 || total
---------------------------+-------+-------++-------
  Melee: Unarmed           |    84 |    66 ||   150
         Punch             |     1 |     1 ||     2
   Stab: Sleeping          |     1 |     1 ||     2
 Armour: Animal skin       |    55 |    43 ||    98
  Dodge: Dodged            |    28 |    24 ||    52

Table legend: (Time is in decaauts)
 A = Elapsed time spent in this place.
 B = Non-inter-level travel time spent in this place.
 C = Inter-level travel time spent in this place.
 D = Time resting spent in this place.
 E = Time spent auto-exploring this place.
 F = Levels seen in this place.
 G = Mean time per level.
                   A        B        C        D        E       F      G
               +--------+--------+--------+--------+--------+-----+--------+
         Total |   2157 |   2100 |     57 |      0 |   1759 |   3 |  719.0 |
       Dungeon |   2157 |   2100 |     57 |      0 |   1759 |   3 |  719.0 |
               +--------+--------+--------+--------+--------+-----+--------+

Top non-repeatable levels by time:
     D:1: 826 daAuts
     D:3: 763 daAuts
     D:2: 567 daAuts
